 Dungeon Crawl Stone Soup version 0.19-a0-1002-g674d22e (webtiles) character file.

618 ololoev the Ducker (level 7, -12/41 HPs)
             Began as a Deep Elf Abyssal Knight on July 18, 2016.
             Was an Elder of Lugonu.
             Killed by divine providence
             ... invoked by an orc priest
              (14 damage)
             ... on level 5 of the Dungeon.
             The game lasted 00:17:17 (5920 turns).

ololoev the Ducker (Deep Elf Abyssal Knight)        Turns: 5920, Time: 00:17:18

Health: -12/41     AC:  9    Str: 11    XL:     7   Next: 21%
Magic:  5/13       EV: 12    Int: 17    God:    Lugonu [****..]
Gold:   196        SH:  0    Dex: 14    Spells: 2 memorised, 9 levels left

rFire  . . .     SeeInvis .     a - +2 short sword (distort)
rCold  . . .     Gourm    +     g - +0 ring mail
rNeg   . . .     Faith    .     (no shield)
rPois  .         Spirit   .     r - +2 helmet
rElec  .         Dismiss  .     m - +0 cloak
rCorr  .         Reflect  .     (no gloves)
SustAt .         Harm     .     (no boots)
MR     .....                    i - amulet of the gourmand
Stlth  ++........               (no ring)
                                (no ring)

@: not resistant to hostile enchantments, unstealthy
A: no striking features
a: Depart the Abyss, Bend Space, Banish, Corrupt, Renounce Religion

Inventory:

Hand Weapons
 a - a +2 short sword of distortion (weapon)
Armour
 g - a +0 ring mail (worn)
 m - a +0 cloak (worn)
 r - a +2 helmet (worn)
Jewellery
 i - an amulet of the gourmand (around neck)
Wands
 o - a wand of digging (12/24)
 q - a wand of random effects (24/48)
Scrolls
 d - 3 scrolls of remove curse
 l - 2 scrolls of teleportation
 n - a scroll of random uselessness {unknown}
 t - a scroll of blinking {unknown}
 u - a scroll of enchant weapon {unknown}
 w - a scroll of immolation {unknown}
Potions
 b - a potion of might
 f - a potion of mutation {unknown}
 h - 2 potions of magic
 j - 2 potions of degeneration {unknown}
 k - a potion of invisibility
 p - a potion of heal wounds
 s - a potion of haste {unknown}
 v - a potion of cure mutation {unknown}
Books
 e - a book of Debilitation

   Spells                             Type                      Level
   a - Corona                         Hexes                        1
   b - Slow                           Hexes                        2
   c - Gell's Gravitas                Hexes/Translocation          3
   d - Inner Flame                    Hexes/Fire                   3
   e - Cause Fear                     Hexes                        4
   f - Leda's Liquefaction            Hexes/Earth                  4
Comestibles
 c - 3 bread rations
 x - a beef jerky


   Skills:
 + Level 3.2 Fighting
 * Level 3.9 Short Blades
 + Level 1.9 Armour
 + Level 4.0 Dodging
 + Level 2.9 Stealth
 + Level 3.1 Spellcasting
 * Level 4.0 Hexes
 + Level 3.2 Invocations


You had 9 spell levels left.
You knew the following spells:

 Your Spells              Type           Power        Failure   Level  Hunger
a - Corona                Hex            ###....      10%         1    None
b - Slow                  Hex            ###.....     14%         2    ##.....


You were on level 5 of the Dungeon.
You worshipped Lugonu.
Lugonu was greatly pleased with you.
You were very full.

You visited 1 branch of the dungeon, and saw 5 of its levels.
You visited the Abyss 1 time.

You collected 196 gold pieces.

...# #.#....
...# #.#.###
## ..# #
#.#.... ..
..#.#
#.#####
#§##o#.#
#......
#.§.)..#
#######
#.##)#.#
########
#..#.#######
#.......
#.).o@....#
#.#.....
#...#####.#
#.#[####
#...# #.#
#(#.#...
#...# #.#
#.#.#.#.
.....# #.#
#.#.#.#.
####..# #.#
#.#.#.#.
..># #.#
#.#.#.#.
#### #.#
#.#.#.#. #.#
#.#.#<#.

Notes
Turn   | Place    | Note
-------+----------+-------------------------------------------
     0 | Abyss:1  | ololoev the Deep Elf Abyssal Knight began the quest for the Orb.
     0 | Abyss:1  | Reached XP level 1. HP: 13/13 MP: 4/4
     6 | Abyss:2  | Noticed a wraith
    12 | Abyss:2  | Noticed a large abomination
    30 | D:1      | Escaped the Abyss
   205 | D:1      | Reached * piety under Lugonu
   205 | D:1      | Reached XP level 2. HP: 12/18 MP: 5/5
   490 | D:1      | Learned a level 1 spell: Corona
  1043 | D:1      | Reached skill level 1 in Stealth
  1135 | D:1      | Reached XP level 3. HP: 22/22 MP: 6/6
  1251 | D:1      | Reached skill level 1 in Hexes
  1591 | D:2      | Learned a level 2 spell: Slow
  1695 | D:2      | Found a basalt altar of Yredelemnul.
  1988 | D:2      | Reached skill level 1 in Armour
  2128 | D:1      | Reached ** piety under Lugonu
  2408 | D:2      | Reached XP level 4. HP: 26/27 MP: 5/7
  2565 | D:2      | Reached skill level 1 in Spellcasting
  2570 | D:2      | Found a white marble altar of Elyvilon.
  3607 | D:3      | Noticed Robin
  3703 | D:2      | Reached XP level 5. HP: 23/32 MP: 6/9
  3991 | D:3      | Found a hazy altar of Hepliaklqana.
  4047 | D:3      | Reached *** piety under Lugonu
  4060 | D:3      | Killed Robin
  4516 | D:3      | Reached XP level 6. HP: 36/36 MP: 11/11
  4963 | D:4      | Noticed Edmund
  4965 | D:4      | Banished Edmund
  5231 | D:4      | Noticed Menkaure
  5250 | D:5      | Entered Level 5 of the Dungeon
  5302 | D:5      | Noticed an orc warrior
  5353 | D:5      | Noticed a steam dragon
  5353 | D:5      | an orc warrior changed into a steam dragon
  5356 | D:5      | Killed a steam dragon
  5356 | D:5      | Reached XP level 7. HP: 6/41 MP: 5/13
  5809 | D:5      | Reached **** piety under Lugonu
  5919 | D:5      | HP: 2/41 [orc priest/divine providence (15)]
  5920 | D:5      | Killed from afar by an orc priest

Dungeon Overview and Level Annotations

Branches:
Dungeon (5/15)
 Temple: D:4-7

Altars:
Elyvilon
Hepliaklqana
Yredelemnul

Annotations:
D:4 Menkaure
Abyss:1 Edmund


Message History

An orc comes into view. It is wielding a hand axe.
The orc shouts!
You hit the orc.
Space bends around the orc.
The orc is heavily wounded.
You hit the orc.
Space warps horribly around the orc!
You kill the orc!
Lugonu accepts your kill.
Your Dodging skill increases to level 4!
An orc priest and an orc wizard come into view.
The orc wizard shouts!
The orc wizard moves out of view.
The orc priest moves out of view.
You closely miss the orc. The orc hits you but does no damage.
You hit the orc.
The orc is devoured by a tear in reality.
Lugonu claims a new guest.
Casting: Slow
Confirm with . or Enter, or press ? or * to list all spells.
Aiming: Slow
Press: ? - help, Shift-Dir - straight line, f - orc wizard
Aim: an orc wizard, wielding a dagger and wearing a robe (chance to defeat MR: 51%)
The orc wizard seems to slow down.
You hit the orc wizard but do no damage.
The orc wizard blinks!
The orc wizard mumbles some strange words.
The orc wizard seems to speed up.
You hear a shout!
You hit the orc wizard.
Space warps horribly around the orc wizard!
You kill the orc wizard!
Lugonu accepts your kill.
Your Hexes skill increases to level 4!
Things that are here:
a dagger; a robe An orc comes into view.
It is wielding a dagger.
The orc shouts!
You hear a shout! x2
You hit the orc.
Space bends around the orc.
You kill the orc!
Lugonu accepts your kill.
An orc comes into view.
Casting: Slow
Confirm with . or Enter, or press ? or * to list all spells.
Aiming: Slow
Press: ? - help, Shift-Dir - straight line, f - orc
Aim: an orc (chance to defeat MR: 85%)
The orc seems to slow down.
You hit the orc.
Space bends around the orc.
You kill the orc!
Lugonu accepts your kill.
You start resting.
Casting: Slow
Confirm with . or Enter, or press ? or * to list all spells.
Aiming: Slow
Press: ? - help, Shift-Dir - straight line, f - orc priest
Aim: an orc priest (chance to defeat MR: 53%)
The orc priest resists with significant effort.
The orc priest mumbles some strange prayers to Beogh against you.
Beogh smites you!
Casting: Slow
Confirm with . or Enter, or press ? or * to list all spells.
Aiming: Slow
Press: ? - help, Shift-Dir - straight line, f/p - orc priest
Aim: an orc priest (chance to defeat MR: 53%)
The orc priest resists with significant effort.
The orc priest calls down the wrath of Beogh upon you.
Pain shoots through your body!
Casting: Slow
Confirm with . or Enter, or press ? or * to list all spells.
Aiming: Slow
Press: ? - help, Shift-Dir - straight line, f/p - orc priest
Aim: an orc priest (chance to defeat MR: 53%)
The orc priest resists with significant effort.
You closely miss the orc priest.
The orc priest hits you but does no damage.
You closely miss the orc priest.
The orc priest calls down the wrath of Beogh upon you.
Beogh smites you!
You completely miss the orc priest.
The orc priest mumbles some strange prayers to Beogh against you.
Beogh smites you!
You die...

You could see an orc priest.

Vanquished Creatures
  A steam dragon (D:5)
  A centaur skeleton (D:3)
  2 orc priests
  2 orc wizards (D:5)
  Robin (D:3)
  4 gnolls
  A howler monkey skeleton (D:4)
  9 adders
  A worm (D:2)
  2 dart slugs
  5 giant geckos
  14 orcs
  7 bats
  A bat zombie (D:1)
  3 giant cockroaches
  10 hobgoblins
  4 jackals
  19 kobolds
  2 quokkas
  2 ball pythons
  2 giant gecko skeletons
  A giant gecko zombie (D:1)
  5 giant newts
  18 goblins
  9 rats
126 creatures vanquished.

Vanquished Creatures (others)
  A worm (D:3)
  A dart slug (D:4)
  An orc (D:5)
  2 hobgoblins
5 creatures vanquished.

Grand Total: 131 creatures vanquished

Action                   |  1- 3 |  4- 6 |  7- 9 || total
-------------------------+-------+-------+-------++-------
Melee: Short sword       |   159 |   224 |    17 ||   400
Throw: Stone             |     6 |       |       ||     6
 Cast: Corona            |     7 |    27 |       ||    34
       Slow              |       |    12 |     7 ||    19
Invok: Depart the Abyss  |     1 |       |       ||     1
Evoke: Wand              |       |     4 |     1 ||     5
  Use: Scroll            |       |     6 |       ||     6
 Stab: Distracted        |       |     1 |       ||     1
       Sleeping          |       |       |     2 ||     2
  Eat: Chunk             |     6 |    21 |     1 ||    28
       Meat ration       |       |     1 |       ||     1
Armor: Leather armour    |     9 |       |       ||     9
       Ring mail         |    53 |    91 |     4 ||   148
Dodge: Dodged            |   106 |   132 |       ||   238

Vault maps used:
D:1:      saegor_arrival_fortress
D:2:      kennysheep_ying_yang, first_bread
D:3:      lemuel_coloured_pillars_altar, uniq_robin
D:4:      grunt_ministairs_1, minmay_close_crescents, uniq_edmund, uniq_menkaure
Abyss:1:  bh_abyss_exit_choice
Abyss:2:  hangedman_abyss_or_decor_jellyfish_corner
